| TOP OF THE 1ST |
|
Milwaukee Brewers batting - Pitching for California Angels : RHP Clay Kirby
|
|
Pitching: RHP Clay Kirby
|
|
|
Batting: RHB Steve Sax
|
0-0: Ball 1-0: Bunt missed! 1-1: Ground out 3-1 (Groundball, 34S, EV 83.8 MPH)
|
|
Batting: LHB Von Hayes
|
0-0: Ball 1-0: Foul Ball, location: 2F 1-1: Ball 2-1: Fly out, F3 (Flyball, 3D, EV 94.4 MPH)
|
|
Batting: RHB Eric Davis
|
0-0: Foul Ball, location: 2F 0-1: Ball 1-1: Fly out, F7 (Flyball, 7, EV 85.0 MPH)
|
| Top of the 1st over - 0 runs, 0 hits, 0 errors, 0 left on base; Milwaukee 0 - California 0 |
| BOTTOM OF THE 1ST |
|
California Angels batting - Pitching for Milwaukee Brewers : RHP Luis Lopez
|
|
Pitching: RHP Luis Lopez
|
|
|
Batting: RHB Duke Hinds
|
0-0: Called Strike 0-1: Ball 1-1: Ball 2-1: Ball 3-1: Base on Balls
|
|
Batting: RHB Jeff Atherton
|
0-0: Ball 1-0: Fly out, F9 (Flyball, 9S, EV 76.3 MPH)
|
|
Batting: RHB Frank White
|
0-0: Ground out 3-1 (Groundball, 34S, EV 83.1 MPH) Duke Hinds to second
|
|
Batting: LHB Jason D Thompson
|
0-0: Swinging Strike 0-1: Fly out, F8 (Flyball, 89M, EV 86.3 MPH)
|
| Bottom of the 1st over - 0 runs, 0 hits, 0 errors, 1 left on base; Milwaukee 0 - California 0 |
| TOP OF THE 2ND |
|
Milwaukee Brewers batting - Pitching for California Angels : RHP Clay Kirby
|
|
Batting: SHB Eddie Murray
|
0-0: Foul Ball, location: 2F 0-1: Ball 1-1: Swinging Strike 1-2: Ball 2-2: Fly out, F8 (Flyball, 8LM, EV 87.5 MPH)
|
|
Batting: LHB Al Oliver
|
0-0: Ball 1-0: Ball 2-0: Swinging Strike 2-1: DOUBLE (Line Drive, 9LM, EV 104.4 MPH)
|
|
Batting: RHB Glenn Davis
|
0-0: Foul Ball, location: 2F 0-1: Swinging Strike 0-2: Ball 1-2: Ball 2-2: Fly out, F9 (Flyball, 9LM, EV 92.5 MPH)
|
|
Batting: RHB Ken Landreaux
|
0-0: Called Strike 0-1: Swinging Strike 0-2: Foul Ball, location: 2F 0-2: Ground out 4-3 (Groundball, 4, EV 88.8 MPH)
|
| Top of the 2nd over - 0 runs, 1 hit, 0 errors, 1 left on base; Milwaukee 0 - California 0 |
| BOTTOM OF THE 2ND |
|
California Angels batting - Pitching for Milwaukee Brewers : RHP Luis Lopez
|
|
Batting: SHB Manny Castillo
|
0-0: Called Strike 0-1: Ball 1-1: Ground out U3 (Groundball, 3, EV 78.1 MPH)
|
|
Batting: LHB John Milner
|
0-0: Ball 1-0: Swinging Strike 1-1: Foul Ball, location: 2F 1-2: Ball 2-2: Fly out, F4 (Popup, 4D, EV 67.5 MPH)
|
|
Batting: RHB Carlos Pimentel
|
0-0: Ball 1-0: Called Strike 1-1: Foul Ball, location: 2F 1-2: SINGLE (Groundball, 34D, EV 95.0 MPH) (infield hit)
|
|
Batting: SHB Ignacio Medina
|
0-0: Called Strike Carlos Pimentel steals 2nd base (no throw) 0-1: Foul Ball, location: 2F 0-2: Foul Ball, location: 2F 0-2: Ball 1-2: Fly out, F8 (Flyball, 78D, EV 103.8 MPH)
|
| Bottom of the 2nd over - 0 runs, 1 hit, 0 errors, 1 left on base; Milwaukee 0 - California 0 |
| TOP OF THE 3RD |
|
Milwaukee Brewers batting - Pitching for California Angels : RHP Clay Kirby
|
|
Batting: RHB Tim Laudner
|
0-0: Called Strike 0-1: Swinging Strike 0-2: Ball 1-2: Foul Ball, location: 2F 1-2: Ball 2-2: Strikes out swinging
|
|
Batting: SHB Alfredo Griffin
|
0-0: Fly out, F9 (Flyball, 9S, EV 76.9 MPH)
|
|
Batting: RHB Steve Sax
|
0-0: Ball 1-0: Swinging Strike 1-1: Foul Ball, location: 2F 1-2: Ground out 6-3 (Groundball, 6, EV 90.6 MPH)
|
| Top of the 3rd over - 0 runs, 0 hits, 0 errors, 0 left on base; Milwaukee 0 - California 0 |
| BOTTOM OF THE 3RD |
|
California Angels batting - Pitching for Milwaukee Brewers : RHP Luis Lopez
|
|
Batting: RHB Mike Bishop
|
0-0: Ball 1-0: SINGLE (Groundball, 6MD, EV 98.1 MPH)
|
|
Batting: RHB Duke Hinds
|
0-0: Foul Ball, location: 2F 0-1: Ball 1-1: Ball 2-1: Ball 3-1: Base on Balls Mike Bishop to second
|
|
Batting: RHB Jeff Atherton
|
0-0: Ball 1-0: Foul Ball, location: 2F 1-1: Grounds into double play, 6-4-3 (Groundball, 6, EV 102.5 MPH) Mike Bishop to third
|
|
Batting: RHB Frank White
|
0-0: Called Strike 0-1: Ground out U3 (Groundball, 3S, EV 85.6 MPH)
|
| Bottom of the 3rd over - 0 runs, 1 hit, 0 errors, 1 left on base; Milwaukee 0 - California 0 |
| TOP OF THE 4TH |
|
Milwaukee Brewers batting - Pitching for California Angels : RHP Clay Kirby
|
|
Batting: LHB Von Hayes
|
0-0: Called Strike 0-1: SINGLE (Line Drive, 78M, EV 86.3 MPH)
|
|
Batting: RHB Eric Davis
|
0-0: Ball 1-0: Fly out, F8 (Line Drive, 8RD, EV 85.6 MPH)
|
|
Batting: SHB Eddie Murray
|
0-0: Ball 1-0: Called Strike 1-1: Ball 2-1: Swinging Strike 2-2: Strikes out swinging Von Hayes steals 2nd base Batter strikes out.
|
|
Batting: LHB Al Oliver
|
0-0: Called Strike 0-1: Foul Ball, location: 2F 0-2: Strikes out swinging
|
| Top of the 4th over - 0 runs, 1 hit, 0 errors, 1 left on base; Milwaukee 0 - California 0 |
| BOTTOM OF THE 4TH |
|
California Angels batting - Pitching for Milwaukee Brewers : RHP Luis Lopez
|
|
Batting: LHB Jason D Thompson
|
0-0: Called Strike 0-1: Ball 1-1: Foul Ball, location: 2F 1-2: Ball 2-2: Ball 3-2: Foul Ball, location: 2F 3-2: Base on Balls
|
|
Batting: SHB Manny Castillo
|
0-0: Called Strike 0-1: Ball 1-1: SINGLE (Line Drive, 34, EV 99.4 MPH) Jason D Thompson to second Runner from 2nd tries for 3rd, SAFE, throw by RF made to third
|
|
Batting: LHB John Milner
|
0-0: Called Strike 0-1: Ball 1-1: Ball 2-1: SINGLE (Line Drive, 7LS, EV 89.4 MPH) Jason D Thompson scores Manny Castillo to second
|
|
Batting: RHB Carlos Pimentel
|
0-0: Called Strike 0-1: Ball 1-1: Reached on error, E5 (Groundball, 56, EV 105.0 MPH) Manny Castillo to third John Milner to second
|
|
Batting: SHB Ignacio Medina
|
0-0: Foul Ball, location: 2F 0-1: Ball 1-1: Foul Ball, location: 2F 1-2: Fly out, F8 (Flyball, 8LM, EV 81.9 MPH) Runner from 3rd tags up, SCORES, throw by CF John Milner to third
|
|
Batting: RHB Mike Bishop
|
0-0: Called Strike Carlos Pimentel steals 2nd base 0-1: Foul Ball, location: 2F 0-2: Foul Ball, location: 2F 0-2: Fly out, F9 (Flyball, 9, EV 81.9 MPH) Runner from 3rd tags up, SCORES, throw by RF Carlos Pimentel to third
|
|
Batting: RHB Duke Hinds
|
0-0: Ball 1-0: Called Strike 1-1: Ball 2-1: Foul Ball, location: 2F 2-2: Strikes out swinging
|
| Bottom of the 4th over - 3 runs, 2 hits, 1 error, 1 left on base; Milwaukee 0 - California 3 |
| TOP OF THE 5TH |
|
Milwaukee Brewers batting - Pitching for California Angels : RHP Clay Kirby
|
|
Batting: RHB Glenn Davis
|
0-0: Ball 1-0: Fly out, F9 (Flyball, 89D, EV 103.8 MPH)
|
|
Batting: RHB Ken Landreaux
|
0-0: Called Strike 0-1: Fly out, F8 (Flyball, 8RD, EV 93.1 MPH)
|
|
Batting: RHB Tim Laudner
|
0-0: Ball 1-0: Called Strike 1-1: Ball 2-1: Foul Ball, location: 2F 2-2: Ball 3-2: Fly out, F8 (Line Drive, 89M, EV 95.0 MPH)
|
| Top of the 5th over - 0 runs, 0 hits, 0 errors, 0 left on base; Milwaukee 0 - California 3 |
| BOTTOM OF THE 5TH |
|
California Angels batting - Pitching for Milwaukee Brewers : RHP Luis Lopez
|
|
Batting: RHB Jeff Atherton
|
0-0: Fly out, F7 (Flyball, 7, EV 86.9 MPH)
|
|
Batting: RHB Frank White
|
0-0: Called Strike 0-1: Ball 1-1: Swinging Strike 1-2: Ground out 5-3 (Groundball, 5, EV 81.3 MPH)
|
|
Batting: LHB Jason D Thompson
|
0-0: Ball 1-0: Ball 2-0: Swinging Strike 2-1: Ball 3-1: Called Strike 3-2: Foul Ball, location: 2F 3-2: Foul Ball, location: 2F 3-2: Ground out 6-3 (Groundball, 56, EV 100.0 MPH)
|
| Bottom of the 5th over - 0 runs, 0 hits, 0 errors, 0 left on base; Milwaukee 0 - California 3 |
| TOP OF THE 6TH |
|
Milwaukee Brewers batting - Pitching for California Angels : RHP Clay Kirby
|
|
Batting: SHB Alfredo Griffin
|
0-0: SINGLE (Groundball, 23, EV 67.5 MPH) (infield hit)
|
|
Batting: RHB Steve Sax
|
0-0: Ball 1-0: DOUBLE (Line Drive, 78M, EV 105.6 MPH) Alfredo Griffin to third Runner from 3rd tries for Home, SAFE, no throw by LF
|
|
Batting: LHB Von Hayes
|
0-0: Ball Steve Sax steals 3rd base (no throw) 1-0: Foul Ball, location: 2F 1-1: Ball 2-1: Ball 3-1: Fly out, F5 (Popup, 5S, EV 72.5 MPH)
|
|
Batting: RHB Eric Davis
|
0-0: Called Strike 0-1: Fly out, F4 (Popup, 3S, EV 78.1 MPH)
|
|
Batting: SHB Eddie Murray
|
0-0: Reached on error, E7 (Flyball, 7D, EV 103.8 MPH) Steve Sax scores
|
|
Batting: LHB Al Oliver
|
0-0: Ball 1-0: Foul Ball, location: 2F 1-1: Ground out 4-3 (Groundball, 4M, EV 100.0 MPH)
|
| Top of the 6th over - 2 runs, 2 hits, 1 error, 1 left on base; Milwaukee 2 - California 3 |
| BOTTOM OF THE 6TH |
|
California Angels batting - Pitching for Milwaukee Brewers : RHP Luis Lopez
|
|
Batting: SHB Manny Castillo
|
0-0: Ground out 3-1 (Groundball, 34, EV 101.9 MPH)
|
|
Batting: LHB John Milner
|
0-0: Swinging Strike 0-1: Ball 1-1: Foul Ball, location: 2F 1-2: Ball 2-2: Ball 3-2: Foul Ball, location: 2F 3-2: Foul Ball, location: 2F 3-2: DOUBLE (Flyball, 8RXD, EV 101.3 MPH)
|
|
Batting: RHB Carlos Pimentel
|
0-0: Foul Ball, location: 2F 0-1: Ball Wild Pitch! John Milner to third 1-1: Swinging Strike 1-2: SINGLE (Groundball, 56, EV 105.6 MPH) John Milner scores
|
|
Batting: SHB Ignacio Medina
|
0-0: Ball 1-0: Foul Ball, location: 2F 1-1: Ball 2-1: Ball 3-1: Called Strike 3-2: DOUBLE (Line Drive, 7LM, EV 114.4 MPH) Carlos Pimentel to third Runner from 3rd tries for Home, SAFE, throw by LF to home
|
|
Batting: RHB Mike Bishop
|
0-0: Foul Ball, location: 2F 0-1: Ball 1-1: Ball 2-1: SINGLE (Line Drive, 6MD, EV 95.0 MPH) Ignacio Medina to third Throwing error, E8 Ignacio Medina scores Mike Bishop to second
|
|
Pitching: RHP Carlos Martinez
|
|
|
Batting: RHB Duke Hinds
|
0-0: Called Strike 0-1: Ball 1-1: Ball 2-1: Foul Ball, location: 2F 2-2: Foul Ball, location: 2F 2-2: Strikes out swinging
|
|
Batting: RHB Jeff Atherton
|
0-0: Called Strike 0-1: Foul Ball, location: 2F 0-2: Foul Ball, location: 2F 0-2: Ball 1-2: Ball 2-2: Fly out, F7 (Line Drive, 7, EV 86.3 MPH)
|
| Bottom of the 6th over - 3 runs, 4 hits, 1 error, 1 left on base; Milwaukee 2 - California 6 |
| TOP OF THE 7TH |
|
Milwaukee Brewers batting - Pitching for California Angels : RHP Clay Kirby
|
|
Batting: RHB Glenn Davis
|
0-0: Fly out, F7 (Flyball, 78D, EV 92.5 MPH)
|
|
Pitching: LHP Bob McClure
|
|
|
Batting: RHB Ken Landreaux
|
0-0: Ball 1-0: Swinging Strike 1-1: Called Strike 1-2: Strikes out swinging
|
|
Batting: RHB Tim Laudner
|
0-0: Fly out, F8 (Flyball, 8LD, EV 96.9 MPH)
|
| Top of the 7th over - 0 runs, 0 hits, 0 errors, 0 left on base; Milwaukee 2 - California 6 |
| BOTTOM OF THE 7TH |
|
California Angels batting - Pitching for Milwaukee Brewers : RHP Carlos Martinez
|
|
Batting: RHB Frank White
|
0-0: Ball 1-0: Foul Ball, location: 2F 1-1: Called Strike 1-2: Strikes out swinging
|
|
Batting: LHB Jason D Thompson
|
0-0: Ball 1-0: Ball 2-0: Called Strike 2-1: Ball 3-1: Fly out, F5 (Popup, 25F, EV 91.3 MPH)
|
|
Batting: SHB Manny Castillo
|
0-0: Ball 1-0: Hit by Pitch
|
|
Batting: LHB John Milner
|
0-0: Called Strike 0-1: DOUBLE (Line Drive, 9LS, EV 96.9 MPH) Manny Castillo to third Runner from 3rd tries for Home, SAFE, no throw by RF
|
|
Batting: RHB Carlos Pimentel
|
0-0: Foul Ball, location: 2F 0-1: Swinging Strike 0-2: Ball 1-2: Foul Ball, location: 2F 1-2: Strikes out looking
|
| Bottom of the 7th over - 1 run, 1 hit, 0 errors, 1 left on base; Milwaukee 2 - California 7 |
| TOP OF THE 8TH |
|
Milwaukee Brewers batting - Pitching for California Angels : LHP Bob McClure
|
|
Batting: SHB Alfredo Griffin
|
0-0: Ball 1-0: Called Strike 1-1: Ball 2-1: Foul Ball, location: 2F 2-2: Ground out 5-3 (Groundball, 5S, EV 85.6 MPH)
|
|
Batting: RHB Steve Sax
|
0-0: Called Strike 0-1: Ground out 6-3 (Groundball, 6, EV 85.6 MPH)
|
|
Batting: LHB Von Hayes
|
0-0: Foul Ball, location: 2F 0-1: Called Strike 0-2: Ball 1-2: Ground out 6-3 (Groundball, 6, EV 103.8 MPH)
|
| Top of the 8th over - 0 runs, 0 hits, 0 errors, 0 left on base; Milwaukee 2 - California 7 |
| BOTTOM OF THE 8TH |
|
California Angels batting - Pitching for Milwaukee Brewers : RHP Carlos Martinez
|
|
Batting: SHB Ignacio Medina
|
0-0: Ball 1-0: Ball 2-0: Hit by Pitch
|
|
Batting: RHB Mike Bishop
|
0-0: Called Strike 0-1: Ball 1-1: Ball 2-1: Grounds into double play, 6-4-3 (Groundball, 6, EV 78.8 MPH)
|
|
Batting: RHB Duke Hinds
|
0-0: Foul Ball, location: 2F 0-1: Ball 1-1: Called Strike 1-2: Ball 2-2: Foul Ball, location: 2F 2-2: Ball 3-2: Fly out, F3 (Line Drive, 3, EV 68.8 MPH)
|
| Bottom of the 8th over - 0 runs, 0 hits, 0 errors, 0 left on base; Milwaukee 2 - California 7 |
| TOP OF THE 9TH |
|
Milwaukee Brewers batting - Pitching for California Angels : LHP Bob McClure
|
|
Batting: RHB Eric Davis
|
0-0: Ball 1-0: Foul Ball, location: 2F 1-1: Ball 2-1: Foul Ball, location: 2F 2-2: Fly out, F9 (Flyball, 89D, EV 101.9 MPH)
|
|
Batting: SHB Eddie Murray
|
0-0: Called Strike 0-1: Ball 1-1: Ground out U3 (Groundball, 34S, EV 69.4 MPH)
|
|
Batting: LHB Al Oliver
|
0-0: Ball 1-0: Foul Ball, location: 2F 1-1: Foul Ball, location: 2F 1-2: Foul Ball, location: 2F 1-2: Foul Ball, location: 2F 1-2: Ground out 6-3 (Groundball, 56D, EV 83.8 MPH)
|
| Top of the 9th over - 0 runs, 0 hits, 0 errors, 0 left on base; Milwaukee 2 - California 7 |
|